 Dungeon Crawl Stone Soup version 0.22.1-2-g9c5b331383 (webtiles) character file.

21049 Ihlosi the Carver (level 13, -4/106 HPs)
             Began as a Human Gladiator on Nov 13, 2018.
             Was a Believer of the Shining One.
             Slain by a white ugly thing (27 damage)
             ... in an ice cave.
             The game lasted 00:45:58 (16417 turns).

Ihlosi the Carver (Human Gladiator)                Turns: 16417, Time: 00:45:59

Health: -4/106     AC:  9    Str: 17    XL:     13   Next: 16%
Magic:  17/17      EV: 21    Int:  8    God:    the Shining One [**....]
Gold:   963        SH:  0    Dex: 18    Spells: 12/12 levels left

rFire    . . .     SeeInvis .   a - +2 scimitar (flame)
rCold    . . .     Gourm    .   (no shield)
rNeg     + + .     Faith    .   w - +0 leather armour
rPois    .         Spirit   .   c - +0 helmet
rElec    .         Reflect  .   z - +1 cloak
rCorr    .         Harm     .   k - +1 pair of gloves
MR       .....                  (no boots)
Stlth    +.........             N - amulet of regeneration
HPRegen  0.67/turn              K - ring of positive energy
MPRegen  0.15/turn              d - +3 ring of evasion

@: glowing
A: no striking features
a: Divine Shield, Renounce Religion


You were in an ice cave.
You worshipped the Shining One.
The Shining One was pleased with you.
You were not hungry.

You visited 3 branches of the dungeon, and saw 15 of its levels.
You also visited: Ossuary and Ice Cave.

You collected 963 gold pieces.

Inventory:

Hand Weapons
 a - a +2 scimitar of flaming (weapon)
 b - a +2 long sword of protection
 m - a +0 long sword
 o - a +1 shortbow of flaming
 u - a +2 dagger of venom
 y - the +3 mace of Reinforcement {antimagic, rElec Str+4}
   (You found it on level 6 of the Dungeon)

   It reduces the magical energy of the wielder, and disrupts the spells and
   magical abilities of those hit.
   Natural abilities and divine invocations are not affected.
   It affects your strength (+4).
   It insulates you from electricity.
 F - a +0 arbalest
 G - a +2 shortbow of freezing
Missiles
 C - 35 bolts
 H - 176 arrows
Armour
 c - a +0 helmet (worn)
 k - a +1 pair of gloves (worn)
 q - a +0 plate armour
 w - a +0 leather armour (worn)
 z - a +1 cloak (worn)
 Q - a +2 robe of positive energy
Magical Staves
 A - an uncursed staff of wizardry
Jewellery
 d - a +3 ring of evasion (right hand)
 p - an uncursed ring of positive energy
 J - an uncursed amulet of the acrobat
 K - a ring of positive energy (left hand)
 M - an uncursed ring of flight
 N - an amulet of regeneration (around neck)
Wands
 l - a wand of digging (10)
 n - a wand of iceblast (14)
 B - a wand of clouds (3)
 L - a wand of disintegration (1)
 O - a wand of polymorph (20)
Scrolls
 e - 2 scrolls of random uselessness
 i - 8 scrolls of remove curse
 j - 4 scrolls of identify
 t - 3 scrolls of fear
 v - 8 scrolls of teleportation
 I - 2 scrolls of magic mapping {unknown}
 R - a scroll of blinking
 S - a scroll of enchant armour
 T - a scroll of fog
Potions
 g - 3 potions of invisibility
 h - a potion of mutation
 r - 8 potions of curing
 x - 2 potions of cancellation
 E - a potion of ambrosia
 P - 2 potions of flight
Comestibles
 f - 28 rations


   Skills:
 + Level 11.2 Fighting
 + Level 11.4 Long Blades
 - Level 2.0 Throwing
 * Level 7.1 Armour
 * Level 8.8 Dodging
 - Level 2.0 Stealth
 * Level 6.6 Invocations
 - Level 6.0 Evocations


You had 12 spell levels left.
You didn't know any spells.
Your spell library contained the following spells:

 Spells                   Type           Power        Failure   Level  Hunger
 Animate Skeleton         Necr           N/A          45%         1    ##.....
 Apportation              Tloc           #.....       45%         1    ##.....
 Confusing Touch          Hex            #.....       45%         1    ##.....
 Corona                   Hex            #......      45%         1    ##.....
 Summon Small Mammal      Summ           #...         45%         1    ##.....
 Slow                     Hex            #.......     58%         2    ###....
 Inner Flame              Hex/Fire       #.......     83%         3    ####...
 Portal Projectile        Hex/Tloc       #.....       83%         3    ####...
 Cause Fear               Hex            #.........   99%         4    #####..
 Leda's Liquefaction      Hex/Erth       #.........   99%         4    #####..


Dungeon Overview and Level Annotations

Branches:
Dungeon (12/15)            Temple (1/1) D:4            Lair (2/6) D:10
    Orc (0/2) D:12
  Swamp: Lair:2-4    Shoals: Lair:2-4     Snake: Lair:2-4    Spider: Lair:2-4

Altars:
Ashenzari
Cheibriados
Dithmenos
Elyvilon
Fedhas
Gozag
Hepliaklqana
Kikubaaqudgha
Makhleb
Nemelex Xobeh
Okawaru
Qazlal
Ru
Sif Muna
Trog
Uskayaw
Vehumet
Wu Jian
Xom
Yredelemnul
Zin
The Shining One

Shops:
D:9 [   D:12 *

Portals:
Trove: D:10 (give pearl dragon scales of Evolution)

Annotations:
D:9 1 runed door, Spyer's ghost, novice MiBe
D:12 1 runed door, LiquoriceLizzard's ghost, journeyman GrFi IceCv exclusion: ice statue


Message History

The white ugly thing barely misses you.
You riposte.
You barely miss the white ugly thing.
The white ugly thing is lightly wounded.
The ice beast hits you but does no damage.
You hit the ice beast.
You melt the ice beast.
The ice beast is severely wounded.
The white ugly thing misses you. The ice beast completely misses you.
You hit the ice beast.
You melt the ice beast.
You kill the ice beast!
The white ugly thing trunk-slaps you! The white ugly thing freezes you!!
* * * LOW HITPOINT WARNING * * *
You hit the white ugly thing. You burn the white ugly thing.
The white ugly thing is lightly wounded.
The white ugly thing misses you.
You hit the white ugly thing but do no damage.
The white ugly thing is lightly wounded.
The white ugly thing trunk-slaps you!
* * * LOW HITPOINT WARNING * * *
The white ugly thing freezes you!!
You die...

#####
###...####
##........##
#..........##
#....@......##
#.[.u8.......#
#8...........#
#©.©.....∩.∩.#
#8.(.........#
#....8.......#
#...........##
#..........##
##........##


You could see a white ugly thing.

Vanquished Creatures
  Josephine (D:12)
  Erica (D:10)
  2 two-headed ogres
  Nergalle (Lair:1)
  An unseen horror (D:10)
  A wolf spider (Lair:2)
  2 ugly things
  A cyclops (D:11)
  2 manticores (D:12)
  2 centaur zombies
  An ice statue (IceCv)
  3 spiny frogs
  A centaur skeleton (D:12)
  3 rime drakes (Lair:2)
  A komodo dragon (Lair:1)
  A jumping spider (Lair:2)
  A hornet (D:11)
  A redback (Lair:2)
  3 wraiths (D:12)
  A wyvern (D:11)
  2 basilisks
  13 yaks
  A vampire (D:10)
  4 hogs (D:6)
  A human (D:7)
  4 water moccasins
  A soldier ant (D:12)
  A porcupine (Lair:1)
  2 black bears
  A necrophage (D:10)
  8 ice beasts
  An orc warrior (D:6)
  2 sky beasts
  6 ogres
  A phantom (D:7)
  24 wolves
  5 centaurs
  2 elf zombies (Ossuary)
  A big kobold (D:8)
  6 bullfrogs
  A scorpion (D:10)
  4 killer bees (D:12)
  6 wights
  2 howler monkeys
  3 electric eels (D:10)
  2 bullfrog zombies
  8 hounds
  A quasit (D:8)
  2 human zombies (Ossuary)
  8 iguanas
  6 orc priests
  Crazy Yiuf (D:6)
  3 orc wizards
  10 worker ants
  Ijyb (D:5)
  3 big kobold zombies (Ossuary)
  2 hound skeletons
  3 mummies
  12 adders
  8 gnolls
  A howler monkey skeleton (D:6)
  A shadow imp (D:12)
  2 adder zombies (Ossuary)
  An adder skeleton (D:10)
  4 worms
  A dart slug (D:3)
  4 leopard geckos
  26 orcs
  4 bats
  2 giant cockroaches (D:7)
  21 goblins
  11 hobgoblins
  12 jackals
  3 quokkas
  A ball python skeleton (D:4)
  5 frilled lizards
  3 goblin zombies
  8 hobgoblin zombies (Ossuary)
  2 jackal zombies
  15 kobolds
  14 kobold zombies (Ossuary)
  4 orc zombies (Ossuary)
  5 rats
352 creatures vanquished.

Vanquished Creatures (others)
  2 orcs (D:10)
  2 fungi (Lair:1)
4 creatures vanquished.

Grand Total: 356 creatures vanquished

Notes
Turn   | Place    | Note
-------+----------+-------------------------------------------
     0 | D:1      | Ihlosi the Human Gladiator began the quest for the Orb.
     0 | D:1      | Reached XP level 1. HP: 16/16 MP: 1/1
    70 | D:1      | You fall through a shaft!
   139 | D:1      | Reached XP level 2. HP: 22/22 MP: 2/2
   828 | D:2      | Reached skill level 1 in Stealth
   828 | D:2      | Reached XP level 3. HP: 15/28 MP: 3/3
  1344 | D:2      | Reached XP level 4. HP: 28/34 MP: 4/4
  1809 | D:2      | Found a shattered altar of Ashenzari.
  1956 | D:3      | Found a blossoming altar of Fedhas.
  2051 | D:3      | Reached XP level 5. HP: 40/41 MP: 5/5
  2163 | D:3      | Found a bloodstained altar of Trog.
  2225 | D:3      | HP: 3/61 [something/puff of flame (4)]
  2235 | D:3      | Reached skill level 5 in Long Blades
  2235 | D:3      | Reached XP level 6. HP: 42/48 MP: 6/6
  2627 | D:3      | Found a hazy altar of Hepliaklqana.
  2885 | D:4      | Found a sand-covered staircase.
  3015 | Ossuary  | Entered an ossuary
  3379 | Ossuary  | Reached XP level 7. HP: 20/55 MP: 7/7
  3570 | Ossuary  | Reached skill level 5 in Fighting
  4246 | D:4      | Found a hide-covered altar of Uskayaw.
  4322 | D:4      | Found a staircase to the Ecumenical Temple.
  4333 | Temple   | Entered the Ecumenical Temple
  4490 | D:4      | Reached XP level 8. HP: 35/65 MP: 8/8
  5236 | D:5      | Entered Level 5 of the Dungeon
  5884 | D:5      | Noticed Ijyb
  5893 | D:5      | Killed Ijyb
  6108 | D:6      | Found a snail-covered altar of Cheibriados.
  6141 | D:6      | Found a burning altar of Makhleb.
  6510 | D:6      | Found a runed door.
  6546 | D:6      | Noticed Crazy Yiuf
  6552 | D:6      | Killed Crazy Yiuf
  6556 | D:6      | Got a pitted mace
  6565 | D:6      | Identified the cursed +3 mace of Reinforcement {antimagic,
                  | rElec Str+4} (You found it on level 6 of the Dungeon)
  6595 | D:6      | Found an ornate altar of the Wu Jian Council.
  6638 | D:6      | Reached XP level 9. HP: 17/76 MP: 3/9
  7103 | D:6      | Reached skill level 1 in Evocations
  7373 | D:6      | Reached skill level 1 in Armour
  8583 | D:7      | Reached XP level 10. HP: 72/83 MP: 12/12
  9128 | D:8      | Found a sparkling altar of Nemelex Xobeh.
  9188 | D:8      | Found a deep blue altar of Sif Muna.
 10185 | D:9      | Noticed Spyer's ghost (novice MiBe)
 10304 | D:9      | Found a runed door.
 10369 | D:9      | Found a stormy altar of Qazlal.
 10464 | D:9      | Found Peurem's Armour Boutique.
 10584 | D:9      | Found a basalt altar of Yredelemnul.
 10587 | D:9      | Found a shimmering altar of Xom.
 10588 | D:9      | Found a shimmering altar of Xom.
 10588 | D:9      | Found a shimmering altar of Xom.
 10595 | D:9      | Found a shimmering altar of Xom.
 10596 | D:9      | Found a shimmering altar of Xom.
 10691 | D:9      | Found a glowing golden altar of the Shining One.
 10703 | D:9      | Became a worshipper of the Shining One
 10831 | D:10     | Entered Level 10 of the Dungeon
 10831 | D:10     | Found a portal to a secret trove of treasure.
 11029 | D:10     | Reached skill level 5 in Dodging
 11029 | D:10     | Reached skill level 1 in Invocations
 11336 | D:10     | Noticed a two-headed ogre
 11340 | D:10     | Killed a two-headed ogre
 11486 | D:10     | Reached skill level 10 in Fighting
 11486 | D:10     | Reached XP level 11. HP: 83/90 MP: 14/14
 11500 | D:10     | Noticed an unseen horror
 11519 | D:10     | Killed an unseen horror
 11691 | D:10     | Noticed Erica
 11698 | D:10     | Killed Erica
 11698 | D:10     | Reached skill level 5 in Evocations
 11832 | D:10     | Reached * piety under the Shining One
 11898 | D:10     | Reached skill level 5 in Armour
 12213 | D:10     | Found a staircase to the Lair.
 12272 | Lair:1   | Entered Level 1 of the Lair of Beasts
 12948 | D:11     | Noticed a two-headed ogre
 12973 | D:11     | Killed a two-headed ogre
 13399 | D:11     | Noticed a cyclops
 13410 | D:11     | Killed a cyclops
 13932 | D:12     | Noticed a manticore
 13941 | D:12     | Killed a manticore
 13941 | D:12     | Reached XP level 12. HP: 68/99 MP: 16/16
 14257 | D:12     | Found Gakouro's General Store.
 14378 | D:12     | Found a runed door.
 14378 | D:12     | Noticed LiquoriceLizzard's ghost (journeyman GrFi)
 14472 | D:12     | Reached skill level 5 in Invocations
 14480 | D:12     | Noticed Josephine
 14480 | D:12     | Reached ** piety under the Shining One
 14492 | D:12     | Killed Josephine
 14492 | D:12     | Reached skill level 10 in Long Blades
 14598 | D:12     | Found a staircase to the Orcish Mines.
 15414 | Lair:1   | Noticed Nergalle
 15425 | Lair:1   | Killed Nergalle
 15916 | Lair:2   | Reached XP level 13. HP: 28/106 MP: 17/17
 15990 | Lair:2   | Found a frozen archway.
 16018 | IceCv    | Entered an ice cave
 16039 | IceCv    | Found a transporter.
 16056 | IceCv    | Found a transporter.
 16417 | IceCv    | Slain by a white ugly thing

Skill      XL: |  1  2  3  4  5  6  7  8  9 10 11 12 13 |
---------------+----------------------------------------+-----
Stealth        | 1 2 |  2.0
Long Blades    | 4 5 6 7 9 11 | 11.4
Fighting       | 3 4 6 9 10 11 | 11.2
Evocations     | 3 4 6 |  6.0
Armour         | 2 4 5 6 7 |  7.1
Dodging        | 4 5 7 8 |  8.8
Invocations    | 2 4 6 |  6.6
Throwing       | |  2.0

Action                   |  1- 3 |  4- 6 |  7- 9 | 10-12 | 13-15 || total
-------------------------+-------+-------+-------+-------+-------++-------
Melee: Long sword        |    71 |   144 |   377 |   252 |       ||   844
       Dagger            |       |   140 |       |       |       ||   140
       Mace              |       |       |    19 |       |       ||    19
       Scimitar          |       |       |       |   321 |    66 ||   387
 Fire: Shortbow          |       |       |       |       |     1 ||     1
Throw: Throwing net      |     3 |       |     4 |     1 |       ||     8
Invok: Divine Shield     |       |       |       |       |     1 ||     1
Evoke: Wand              |       |       |       |    16 |     2 ||    18
  Use: Potion            |       |    10 |     3 |     1 |     4 ||    18
       Scroll            |       |       |     6 |    12 |       ||    18
 Stab: Sleeping          |     1 |     1 |     3 |       |       ||     5
       Held in net/web   |       |       |     2 |       |       ||     2
       Distracted        |       |       |     1 |       |       ||     1
  Eat: Chunk             |     1 |     6 |    15 |    21 |     1 ||    44
       Ration            |       |       |     1 |     1 |     1 ||     3
Armor: Leather armour    |    16 |    69 |   146 |   137 |    23 ||   391
       Skin              |       |    71 |       |       |       ||    71
Dodge: Dodged            |    57 |   178 |   254 |   550 |   100 ||  1139
Block: Other             |       |       |       |       |    12 ||    12
       Rpst.: Long sword |    16 |    34 |    80 |    66 |       ||   196
       Scimitar          |       |       |       |    78 |    31 ||   109
